 Dungeon Crawl Stone Soup version 0.21.1-1-g345015fe64 (webtiles) character file.

39 Evaline the Chucker (level 3, -1/36 HPs)
             Began as an Ogre Hunter on June 21, 2018.
             Slain by a hobgoblin
             ... wielding a +0 club
             ... led by Robin
              (2 damage)
             ... on level 2 of the Dungeon.
             The game lasted 00:05:10 (1612 turns).

Evaline the Chucker (Ogre Hunter)                   Turns: 1612, Time: 00:05:11

Health: -1/36      AC:  3    Str: 16    XL:     3   Next: 47%
Magic:  3/3        EV: 10    Int: 12    God:
Gold:   65         SH:  0    Dex: 10    Spells: 2/2 levels left

rFire    . . .     SeeInvis .   a - +0 club
rCold    . . .     Gourm    .   (no shield)
rNeg     . . .     Faith    .   b - +0 robe
rPois    .         Spirit   .   (helmet restricted)
rElec    .         Reflect  .   (no cloak)
rCorr    .         Harm     .   (gloves unavailable)
MR       .....                  (boots unavailable)
Stlth    +.........             (no amulet)
HPRegen  0.12/turn              (no ring)
MPRegen  0.08/turn              (no ring)

@: no status effects
A: large, unfitting armour, tough skin 1
a: no special abilities


You were on level 2 of the Dungeon.
You were not hungry.

You visited 1 branch of the dungeon, and saw 2 of its levels.

You collected 65 gold pieces.

Inventory:

Hand Weapons
 a - a +0 club (weapon)
 h - a +0 short sword
Missiles
 d - 2 throwing nets
 f - 5 large rocks (quivered)
 j - 48 stones
Armour
 b - a +0 robe (worn)
Jewellery
 m - an uncursed ring of flight {unknown}
 r - a +3 ring of protection {unknown}
Scrolls
 e - a scroll of enchant weapon {unknown}
 i - 2 scrolls of remove curse {unknown}
 k - 4 scrolls of identify {unknown}
 l - a scroll of random uselessness {unknown}
 n - 2 scrolls of teleportation {unknown}
 p - a scroll of fog {unknown}
 q - a scroll of amnesia {unknown}
Potions
 g - a potion of degeneration {unknown}
Comestibles
 c - 2 rations
 o - 2 chunks of flesh


   Skills:
 - Level 2.7 Fighting
 * Level 0.8 Maces & Flails
 * Level 4.8 Throwing
 + Level 2.1 Dodging
 - Level 0.6 Stealth


You had 2 spell levels left.
You didn't know any spells.

Dungeon Overview and Level Annotations

Branches:
Dungeon (2/15)

Altars:


Innate Abilities, Weirdness & Mutations

You are too large for most types of armour.
You have tough skin. (AC +1)


Message History

You are too injured to fight recklessly!
You are too injured to fight recklessly!
You are too injured to fight recklessly!
You are too injured to fight recklessly!
You are too injured to fight recklessly!
You are too injured to fight recklessly!
You are too injured to fight recklessly!
You barely miss the hobgoblin.
The hobgoblin is heavily wounded.
The hobgoblin hits you with a club.
* * * LOW HITPOINT WARNING * * *
You hit the hobgoblin but do no damage.
The hobgoblin is heavily wounded.
The hobgoblin hits you with a club.
* * * LOW HITPOINT WARNING * * *
The hobgoblin hits you with a club.
* * * LOW HITPOINT WARNING * * *
There is a stone staircase leading up here.
The hobgoblin hits you with a club.
You die...

..g.. .gg.# ...##
#...### ..b.[.#
#..# .# .#######
########..##.#
.......#######
#@ggg........#
#.#...##....#
#########...##
.#.#......##.####
#...#
.#.#..###.##....#
##...##
.............####
#.)...#
.#.....#..##.#
### #.....#
#.[.#.#..##.####
#.# #.....#
#...#..........#
#.###.....#
#.....##..#.##.#
#........>#


You could see a hobgoblin and 2 goblins.

Vanquished Creatures
  4 dart slugs (D:1)
  3 giant cockroaches
  2 goblins (D:1)
  6 hobgoblins
  3 jackals (D:1)
  5 bats
  A frilled lizard (D:2)
  A kobold (D:1)
  4 rats
29 creatures vanquished.

Notes
Turn   | Place    | Note
-------+----------+-------------------------------------------
     0 | D:1      | Evaline the Ogre Hunter began the quest for the Orb.
     0 | D:1      | Reached XP level 1. HP: 22/22 MP: 1/1
    87 | D:1      | Reached XP level 2. HP: 7/29 MP: 2/2
    89 | D:1      | HP: 1/29 [dart slug/slug dart (6)]
   938 | D:1      | Reached XP level 3. HP: 35/36 MP: 3/3
  1606 | D:2      | HP: 1/36 [hobgoblin/club[Robin] (6)]
  1612 | D:2      | Slain by a hobgoblin

Skill      XL: |  1  2  3 |
---------------+----------+-----
Dodging        | 2 |  2.1
Fighting       | |  2.7
Maces & Flails | |  0.8
Throwing       | |  4.8
Stealth        | |  0.6

Action                   || total
-------------------------++-------
Melee: Short sword       ||    47
       Club              ||   145
 Stab: Sleeping          ||     2
  Eat: Chunk             ||     3
Armor: Robe              ||    90
Dodge: Dodged            ||   140
